 Dungeon Crawl Stone Soup version 0.31.0-32-g396128a36d (webtiles) character file.

Game seed: 16296599213118016335

210 toela the Grave Robber (level 5, -5/29 HPs)
             Began as a Deep Elf Necromancer on Apr 12, 2024.
             Killed from afar by an orc wizard (9 damage)
             ... with a puff of flame
             ... on level 4 of the Dungeon.
             The game lasted 00:13:52 (2732 turns).

toela the Grave Robber (Deep Elf Necromancer)       Turns: 2732, Time: 00:13:53

Health: -5/29      AC:  4    Str:  3    XL:     5   Next: 57%
Magic:  12/14      EV: 12    Int: 22    God:
Gold:   137        SH:  0    Dex: 15    Spells: 9/13 levels left

rFire   . . .        q - +6 short sword of the Pit {drain, rElec rC- Str-2 Stlth+}
rCold   x . .        (no shield)
rNeg    . . .        a - +0 robe
rPois   +            h - +1 helmet
rElec   +            (no cloak)
rCorr   .            (no gloves)
SInv    .            (no boots)
Will    .....        (no amulet)
Stlth   +++          l - ring of poison resistance
HPRegen 0.24/turn    (no ring)
MPRegen 0.14/turn

%: no passive effects
@: no status effects
A: no striking features
a: no special abilities


You were on level 4 of the Dungeon.
You visited 1 branch of the dungeon, and saw 4 of its levels.

You collected 137 gold pieces.

Inventory:

Hand Weapons
 c - a +0 short sword
 j - a +1 whip of venom
 q - the +6 short sword of the Pit (weapon) {drain, rElec rC- Str-2 Stlth+}
   (You found it on level 2 of the Dungeon)

   Str-2:     It affects your strength (-2).
   rC-:       It makes you vulnerable to cold.
   rElec:     It insulates you from electricity.
   Stlth+:    It makes you more stealthy.
Missiles
 m - 13 poisoned darts (quivered)
Armour
 a - a +0 robe (worn)
 h - a +1 helmet (worn)
Jewellery
 l - a ring of poison resistance (left hand)
Scrolls
 d - a scroll of fear {unknown}
 e - a scroll of noise {unknown}
 f - 3 scrolls of identify {unknown}
 k - 6 scrolls of revelation {unknown}
 n - a scroll of fog {unknown}
 o - a scroll of amnesia {unknown}
 p - 2 scrolls of enchant weapon {unknown}
 s - a scroll of vulnerability {unknown}
Potions
 b - a potion of magic
 g - a potion of berserk rage {unknown}
 i - 2 potions of brilliance {unknown}
 r - a potion of resistance {unknown}
 t - 2 potions of attraction {unknown}


   Skills:
 + Level 1.0 Fighting
 + Level 2.5 Dodging
 + Level 3.2 Stealth
 + Level 4.7 Spellcasting
 + Level 7.0 Necromancy


You had 9 spell levels left.
You knew the following spells:

 Your Spells              Type           Power      Damage    Failure   Level
a - Necrotise             Necr           100%       1d9       1%          1
b - Vampiric Draining     Necr           36%        2d8       1%          3

Your spell library contained the following spells:

 Spells                   Type           Power      Damage    Failure   Level
 Animate Dead             Necr           36%        N/A       6%          4
 Curse of Agony           Necr           36%        N/A       16%         5


Dungeon Overview and Level Annotations

Branches:
Dungeon (4/15)
 Temple: D:4-7

Altars:

Shops:
D:2 (


Message History

The orc priest is poisoned.
Throw: 14 darts (poison)
Press: ? - help, Q - select action, (/) - cycle Shift-Dir - straight line, f/p - orc priest
Aim: an orc priest, wielding a +0 flail (poisoned, 54% to hit)
You throw a poisoned dart. The poisoned dart hits the orc priest.
Casting: Necrotise (safe; 1% risk of failure)
Confirm with . or Enter, or press ? or * to list all spells.
Aiming: Necrotise (safe; 1% risk of failure)
Press: ? - help, Shift-Dir - straight line, f/p - orc priest
Aim: an orc priest, wielding a +0 flail (poisoned, chance to affect: 83%) Nothing appears to happen.
A magic dart appears from out of thin air!
The magic dart hits you! Something hits you but does no damage.
There is an escape hatch in the floor here.
Casting: Necrotise (safe; 1% risk of failure)
Confirm with . or Enter, or press ? or * to list all spells.
Aiming: Necrotise (safe; 1% risk of failure)
Press: ? - help, Shift-Dir - straight line, f/p - orc priest
Aim: an orc priest, wielding a +0 flail (poisoned, chance to affect: 83%)
The orc priest writhes in agony.
The orc priest begins to cast a cantrip, but forgets the words!
You hear some strange, mumbled words.
A magic dart appears from out of thin air!
The magic dart hits you! Something hits you.
You slide downwards.
The hatch slams shut behind you.
Reactivating autopickup.
Found a stone staircase leading down.
You start resting.
A kobold is nearby!
A magic dart appears from out of thin air!
Deactivating autopickup; reactivate with Ctrl-A.
The magic dart hits you!
* * * LOW HITPOINT WARNING * * *
You hear some strange, mumbled words.
Something tries to affect you, but you resist.
A puff of flame appears from out of thin air!
The puff of flame hits you!
You die...

... ... +. ...
#.. #.# # ##..K
#.# .###
.....###.##.....
#..>............
#.......@#
.........#
.........#
........{#
.........#
...####### .


There were no monsters in sight!

Vanquished Creatures
  A jelly (D:3)
  Jessica (D:3)
  Natasha (twice) (D:3)
  4 adders (D:3)
  2 dart slugs (D:1)
  2 ribbon worms
  3 orcs (D:3)
  10 ball pythons
  3 endoplasms
  3 giant cockroaches
  A hobgoblin (D:1)
  8 kobolds
  2 quokkas
  3 bats (D:1)
  A frilled lizard (D:1)
  6 goblins
  4 rats
56 creatures vanquished.

Vanquished Creatures (collateral kills)
  A giant cockroach (D:1)
  A hobgoblin (D:1)
2 creatures vanquished.

Grand Total: 58 creatures vanquished

Notes
Turn   | Place    | Note
-------+----------+-------------------------------------------
     0 | D:1      | toela the Deep Elf Necromancer began the quest for the Orb.
     0 | D:1      | Reached XP level 1. HP: 10/10 MP: 6/6
   120 | D:1      | Reached skill level 5 in Necromancy
   125 | D:1      | Reached XP level 2. HP: 15/15 MP: 4/8
   627 | D:1      | Reached XP level 3. HP: 19/19 MP: 6/10
   976 | D:2      | Found Jusif's Antique Weapon Shoppe.
  1445 | D:2      | Identified the +6 short sword of the Pit {drain, rElec rC-
                  | Str-2 Stlth+}
  1452 | D:2      | Learned a level 3 spell: Vampiric Draining
  1988 | D:3      | Reached skill level 6 in Necromancy
  2082 | D:3      | Reached XP level 4. HP: 24/24 MP: 4/12
  2380 | D:3      | Noticed Natasha
  2391 | D:3      | Killed Natasha
  2392 | D:3      | Reached XP level 5. HP: 22/28 MP: 1/14
  2473 | D:3      | Noticed Natasha
  2514 | D:3      | Killed Natasha
  2515 | D:3      | Reached skill level 7 in Necromancy
  2599 | D:3      | Noticed Jessica
  2606 | D:3      | Killed Jessica
  2607 | D:3      | Reached skill level 1 in Fighting
  2732 | D:4      | Killed from afar by an orc wizard

Illustrated notes

Levels and vault maps discovered:
D:1:      lemuel_arrival_hallway, layout_loops_ring, hangedman_decor_riveting,
          minmay_pentomino_r4
D:2:      layout_loops_corners, serial_shops,
          nicolae_shop_temple_entry_statues_fountains, minivault_27
D:3:      layout_basic, shapermc_ecumenical_altar_ellora, nicolae_half_adder,
          uniq_natasha, uniq_jessica, uniq_ijyb
D:4:      layout_basic, kennysheep_slug_shrine,
          serial_library_hellmonk_open_square, uniq_edmund

Skill      XL: |  1  2  3  4  5 |
---------------+----------------+-----
Necromancy     | 5 6 7 |  7.0
Spellcasting   | 4 |  4.7
Stealth        | 3 |  3.2
Fighting       | 1 |  1.0
Dodging        | |  2.5

Action                     |  1- 3 |  4- 6 || total
---------------------------+-------+-------++-------
  Melee: Short sword       |     4 |     4 ||     8
         Whip              |     2 |       ||     2
  Throw: Dart              |     4 |     8 ||    12
   Cast: Necrotise         |    53 |    20 ||    73
         Vampiric Draining |     2 |     7 ||     9
   Stab: Sleeping          |     5 |     1 ||     6
 Armour: Robe              |     2 |    15 ||    17
  Dodge: Dodged            |     7 |     9 ||    16
